AoeStats
← Launger

Nomad

507826383Analyzed
4v4 RM · 14d ago on Sep 19, 2026· 41m 17s· 8 players
Game mode
Random Map
Map size
231×231
Population
200
Speed
Normal
Resources
Standard
Victory
Conquest
Starting age
Dark Age
Ending age
Imperial Age
RankedLock teamsTeams togetherTeam positionsShared explorationLock speedFull tech treeHidden civsTurbo modeCheats
Victory
Defeat
🇧🇷 Franks · Brazil
1119
+18
🇬🇧 Persians · United Kingdom
1103
+18
🇵🇱 Vietnamese · Poland
1066
+20
🇯🇴 Dravidians · Jordan
1063
+20
🇦🇷 Malians · Argentina
1169
-19
🇦🇷 Maya · Argentina
1154
-19
🇦🇷 Cumans · Argentina
1152
-19
🇦🇷 Spanish · Argentina
1144
-19
solmanfu
5:41 Loom
14:35 Feudal Age
18:40 Double-Bit Axe
20:59 Castle Age
19:45 Scale Barding Armor
19:50 Forging
21:11 Bloodlines
22:48 Fletching
24:01 Husbandry
24:24 Bodkin Arrow
25:05 Iron Casting
25:19 Gold Mining
25:54 Stone Mining
27:13 Bow Saw
27:38 Padded Archer Armor
30:13 Ballistics
32:04 Guard Tower
33:34 Murder Holes
40:29 Stone Shaft Mining
42:13 Gold Shaft Mining
rodsra
13:39 Feudal Age
17:24 Loom
21:16 Castle Age
19:39 Gold Mining
20:37 Double-Bit Axe
26:00 Stone Mining
35:34 Fishing Lines
40:38 Pikeman
Launger
12:35 Loom
15:20 Feudal Age
16:09 Double-Bit Axe
19:29 Castle Age
20:08 Crossbowman
20:44 Fletching
20:54 Padded Archer Armor
22:18 Bodkin Arrow
28:18 Ballistics
Koko
15:06 Feudal Age
17:13 Fishing Lines
20:53 Castle Age
18:55 Double-Bit Axe
22:53 Gillnets
27:03 Wheelbarrow
26:14 Loom
30:10 Imperial Age
28:10 Gold Mining
28:38 Fletching
28:49 Padded Archer Armor
30:18 Ballistics
31:58 Chemistry
30:56 Bodkin Arrow
31:39 Elite Elephant Archer
34:00 Bracer
40:12 Horse Collar
La Gorda de Anoche
3:49 Loom
13:40 Feudal Age
14:10 Fishing Lines
21:51 Castle Age
20:06 Stone Mining
20:12 Double-Bit Axe
21:37 Gold Mining
21:55 Horse Collar
22:48 Gillnets
23:55 Town Watch
28:48 Gold Shaft Mining
28:15 Heavy Plow
29:33 Bloodlines
28:44 Light Cavalry
30:33 Scale Mail Armor
30:38 Scale Barding Armor
30:44 Forging
31:42 Wheelbarrow
31:07 Town Patrol
35:49 Capped Ram
39:38 Hand Cart
39:24 Town Patrol
43:02 Imperial Age
41:34 Town Patrol
41:42 Padded Archer Armor
41:32 Fletching
Postre Shimy
5:26 Loom
13:24 Feudal Age
17:44 Castle Age
15:47 Double-Bit Axe
16:03 Stone Mining
17:08 Gold Mining
17:50 Town Watch
19:23 Forging
20:49 Town Patrol
21:54 Bloodlines
37:26 Thumb Ring
36:43 Elite Skirmisher
PidoVAR
4:07 Loom
12:18 Feudal Age
18:31 Castle Age
17:46 Double-Bit Axe
19:17 Fletching
20:34 Bodkin Arrow
24:43 Forging
40:15 Imperial Age
Patadas al tobillo
3:13 Loom
13:13 Feudal Age
15:01 Town Watch
20:40 Castle Age
19:06 Fletching
19:23 Padded Archer Armor
21:42 Bodkin Arrow
21:56 Crossbowman
Connection lost

Rejoining the realm…

Still unreachable

The connection could not be restored.

Session expired

The server has moved on; the page needs a fresh start.